AoeStats
← reemsauce

Lombardia

510219569Analyzed
2v2 RM · 3d ago on Sep 30, 2026· 39m 20s· 4 players
Game mode
Random Map
Map size
Medium (4 player)
Population
200
Speed
Normal
Resources
Standard
Victory
Conquest
Starting age
Dark Age
Ending age
Imperial Age
RankedLock teamsTeams togetherTeam positionsShared explorationLock speedFull tech treeHidden civsTurbo modeCheats
Victory
Defeat
🇺🇸 Sicilians · United States
1035
+14
🇺🇸 Mongols · United States
1005
+15
🇧🇷 Maya · Brazil
996
-15
🇨🇴 Magyars · Colombia
978
-14
Papayo27
8:27 Loom
8:42 Loom
11:01 Feudal Age
11:59 Double-Bit Axe
16:26 Wheelbarrow
19:07 Castle Age
17:38 Horse Collar
17:51 Gold Mining
17:49 Man-at-Arms
20:23 Long Swordsman
26:32 Scale Mail Armor
27:00 Hand Cart
28:00 Chain Mail Armor
31:49 Bow Saw
31:40 Heavy Plow
33:10 Town Watch
nicolaiequal
0:39 Loom
11:39 Feudal Age
13:25 Double-Bit Axe
14:58 Town Watch
19:48 Castle Age
18:43 Stone Mining
21:40 Wheelbarrow
21:05 Gold Mining
21:24 Fletching
21:35 Padded Archer Armor
23:57 Eagle Warrior
28:04 Bow Saw
31:13 Squires
30:58 Arson
31:49 Ballistics
31:43 Forging
31:34 Scale Mail Armor
31:30 Bodkin Arrow
31:36 Padded Archer Armor
32:18 Horse Collar
35:01 Thumb Ring
Kool Aid Kid
9:41 Feudal Age
9:00 Loom
16:10 Castle Age
15:04 Double-Bit Axe
15:01 Horse Collar
22:26 Scale Barding Armor
25:07 Wheelbarrow
24:48 Fletching
24:58 Padded Archer Armor
25:28 Bow Saw
26:08 Bodkin Arrow
26:29 Leather Archer Armor
29:20 Ballistics
30:24 Thumb Ring
31:16 Murder Holes
31:31 Stone Mining
32:30 Elite Skirmisher
34:18 Hand Cart
reemsauce
10:52 Feudal Age
15:15 Horse Collar
19:36 Forging
21:37 Scale Mail Armor
26:39 Loom
29:02 Castle Age
27:31 Gold Mining
30:35 Chain Mail Armor
30:56 Iron Casting
32:17 Fletching
32:42 Double-Bit Axe
Connection lost

Rejoining the realm…

Still unreachable

The connection could not be restored.

Session expired

The server has moved on; the page needs a fresh start.